 Dungeon Crawl Stone Soup version 0.30.1-4-g462c640d31 (webtiles) character file.

Game seed: 5484853777307760443

267 Bobit the Magician (level 6, -1/47 HPs)
             Began as a Gnoll Wanderer on Aug 13, 2023.
             Slain by Grinder (6 damage)
             ... on level 6 of the Dungeon.
             The game lasted 00:08:37 (3075 turns).

Bobit the Magician (Gnoll Wanderer)                 Turns: 3075, Time: 00:08:38

Health: -1/47      AC: 13    Str: 13    XL:     6   Next: 21%
Magic:  16/16      EV:  5    Int: 10    God:
Gold:   152        SH:  0    Dex: 13    Spells: 18/19 levels left

rFire   . . .        s - +0 falchion
rCold   . . .        (no shield)
rNeg    . . .        u - +0 plate armour
rPois   .            (no helmet)
rElec   .            (no cloak)
rCorr   .            (no gloves)
SInv    .            (no boots)
Will    .....        (no amulet) Stlth
                     (no ring)
HPRegen 0.27/turn    (no ring)
MPRegen 0.15/turn

%: no passive effects
@: no status effects
A: fangs 1, strong nose, distributed training
a: no special abilities


You were on level 6 of the Dungeon.
You visited 1 branch of the dungeon, and saw 6 of its levels.

You collected 152 gold pieces.

Inventory:

Hand Weapons
 a - a +0 club
 s - a +0 falchion (weapon)
Armour
 d - a +2 scale mail
 u - a +0 plate armour (worn)
Jewellery
 v - an amulet of the acrobat
Wands
 r - a wand of roots (12)
Scrolls
 f - 2 scrolls of immolation {unknown}
 h - a scroll of acquirement {unknown}
 j - 3 scrolls of enchant armour {unknown}
 l - a scroll of enchant weapon {unknown}
 n - a scroll of poison {unknown}
 p - a scroll of noise {unknown}
 t - a scroll of fog {unknown}
 w - a scroll of torment {unknown}
 x - a scroll of silence {unknown}
Potions
 b - 4 potions of curing
 c - a potion of invisibility
 e - a potion of attraction {unknown}
 g - a potion of mutation {unknown}
 i - 2 potions of heal wounds {unknown}
 k - a potion of might {unknown}
 m - a potion of haste {unknown}
 o - a potion of brilliance {unknown}
 q - a potion of berserk rage {unknown}


   Skills:
 + Level 3.2 Fighting
 + Level 1.9 Short Blades
 + Level 1.9 Long Blades
 + Level 1.9 Axes
 + Level 1.9 Maces & Flails
 + Level 1.9 Polearms
 + Level 1.9 Staves
 + Level 1.9 Ranged Weapons
 + Level 1.9 Throwing
 + Level 6.8 Armour
 + Level 3.2 Dodging
 + Level 4.6 Stealth
 + Level 1.9 Shields
 + Level 1.9 Unarmed Combat
 + Level 7.4 Spellcasting
 + Level 1.5 Conjurations
 + Level 1.5 Hexes
 + Level 1.5 Summonings
 + Level 1.5 Necromancy
 + Level 1.5 Translocations
 + Level 1.5 Transmutations
 + Level 1.5 Fire Magic
 + Level 1.5 Ice Magic
 + Level 1.5 Air Magic
 + Level 1.5 Earth Magic
 + Level 1.5 Poison Magic
 + Level 2.1 Invocations
 + Level 1.9 Evocations


You had 18 spell levels left.
You knew the following spells:

 Your Spells              Type           Power      Damage    Failure   Level
a - Apportation           Tloc           12%        N/A       100%        1

Your spell library contained the following spells:

 Spells                   Type           Power      Damage    Failure   Level
 Portal Projectile        Hex/Tloc       12%        N/A       100%        3
 Tukima's Dance           Hex            6%         N/A       100%        3
 Volatile Blastmotes      Fire/Tloc      12%        2d11      100%        3
 Blade Hands              Tmut           3%         N/A       100%        5


Dungeon Overview and Level Annotations

Branches:
Dungeon (6/15)
 Temple: D:4-7

Altars:

Annotations:
D:6 Grinder


Innate Abilities, Weirdness & Mutations

You have very sharp teeth.
Your uncanny sense of smell can sniff out nearby items.
Your experience applies equally to all skills.


Message History

The gnoll bouda barks out a call to the hunt!
The gnoll picks up the pace!
Grinder gestures at you.
You barely resist.
Found a stone staircase leading down.
The gnoll hits you but does no damage. Grinder hits you!
You writhe in agony.
The gnoll closely misses you. Grinder attacks as you move away!
Grinder hits you but does no damage.
The gnoll is no longer moving quickly.
The gnoll attacks as you move away! The gnoll hits you but does no damage.
Grinder gestures at you.
You suddenly lose the ability to move!
The gnoll hits you but does no damage. The gnoll barely misses you.
The gnoll hits you but does no damage.
You can move again.
There is a stone staircase leading up here.
(D) Dungeon
Where to? (Enter - D:4, ? - help)
Okay, then.
Grinder hits you.
You writhe in agony.
The gnoll hits you from afar with a +0 halberd!
The gnoll hits you but does no damage.
You climb upwards.
The orc shouts! x4; The adder hisses angrily.
There is a stone staircase leading down here.
Grinder hits you.
* * * LOW HITPOINT WARNING * * *
You writhe in agony.
* * * LOW HITPOINT WARNING * * *
The gnoll hits you but does no damage. The orc hits you with a +0 hand axe.
* * * LOW HITPOINT WARNING * * *
You climb downwards.
The gnoll hits you but does no damage. The gnoll hits you with a +0 whip.
* * * LOW HITPOINT WARNING * * *
There is a stone staircase leading up here.
The orc attacks as you move away! The orc hits you with a +0 hand axe.
* * * LOW HITPOINT WARNING * * *
Grinder hits you but does no damage. The gnoll barely misses you.
The gnoll closely misses you. The gnoll hits you but does no damage.
The orc attacks as you move away! The orc hits you but does no damage.
Grinder attacks as you move away! Grinder hits you.
You die...

..... #....#........
......>...#....#........
..........#....#........
.........#....#........
........##'##########+
#................
#................
#.....g.....<....
#...@ogg.........
#....5.<.........
#....g...........
#.......######### ∆
#.......# #.......#
#.......# #.......#
.........#


You could see Grinder, a gnoll bouda, 3 gnolls and an orc.

Vanquished Creatures
  2 scorpions
  Jessica (D:2)
  4 adders
  A worm (D:2)
  3 dart slugs
  2 orcs (D:3)
  4 bats (D:1)
  5 endoplasms
  A giant cockroach (D:2)
  11 hobgoblins
  7 jackals
  6 kobolds
  3 quokkas
  9 ball pythons
  6 frilled lizards
  6 goblins
  6 rats
77 creatures vanquished.

Notes
Turn   | Place    | Note
-------+----------+-------------------------------------------
     0 | D:1      | Bobit the Gnoll Wanderer began the quest for the Orb.
     0 | D:1      | Bobit set off with the following items: a +0 club, a potion
                  | of curing, a potion of invisibility, a +2 scale mail; and
                  | the following spell memorised: Apportation; and the
                  | following spells available to memorise: Volatile
                  | Blastmotes.
     0 | D:1      | Reached XP level 1. HP: 17/17 MP: 8/8
   114 | D:1      | Reached XP level 2. HP: 19/23 MP: 10/10
   460 | D:1      | Reached XP level 3. HP: 21/28 MP: 11/11
   639 | D:1      | Reached skill level 1 in Invocations
  1110 | D:2      | Reached skill level 1 in Short Blades
  1110 | D:2      | Reached skill level 1 in Long Blades
  1110 | D:2      | Reached skill level 1 in Axes
  1110 | D:2      | Reached skill level 1 in Maces & Flails
  1110 | D:2      | Reached skill level 1 in Polearms
  1110 | D:2      | Reached skill level 1 in Staves
  1110 | D:2      | Reached skill level 1 in Ranged Weapons
  1110 | D:2      | Reached skill level 1 in Throwing
  1110 | D:2      | Reached skill level 1 in Shields
  1110 | D:2      | Reached skill level 1 in Unarmed Combat
  1110 | D:2      | Reached skill level 1 in Evocations
  1272 | D:2      | Noticed Jessica
  1280 | D:2      | Reached XP level 4. HP: 34/34 MP: 13/13
  1288 | D:2      | Killed Jessica
  1289 | D:2      | Reached skill level 1 in Conjurations
  1289 | D:2      | Reached skill level 1 in Hexes
  1289 | D:2      | Reached skill level 1 in Summonings
  1289 | D:2      | Reached skill level 1 in Necromancy
  1289 | D:2      | Reached skill level 1 in Translocations
  1289 | D:2      | Reached skill level 1 in Transmutations
  1289 | D:2      | Reached skill level 1 in Fire Magic
  1289 | D:2      | Reached skill level 1 in Ice Magic
  1289 | D:2      | Reached skill level 1 in Air Magic
  1289 | D:2      | Reached skill level 1 in Earth Magic
  1289 | D:2      | Reached skill level 1 in Poison Magic
  2071 | D:3      | Reached XP level 5. HP: 37/40 MP: 14/14
  2890 | D:4      | You fall into a shaft and drop 2 floors!
  2917 | D:6      | Reached XP level 6. HP: 15/47 MP: 16/16
  3058 | D:6      | Noticed Grinder
  3066 | D:6      | Paralysed by Grinder for 2 turns
  3069 | D:5      | Entered Level 5 of the Dungeon
  3075 | D:6      | Slain by Grinder

Illustrated notes

Levels and vault maps discovered:
D:1:      dpeg_arrival_round_b, layout_basic
D:2:      layout_basic, uniq_jessica
D:3:      layout_basic, serial_bayou_pond_a, chequers_serial_rivers_marsh
D:4:      layout_loops_cross, dk_noncrumbling_4, uniq_edmund, uniq_menkaure
D:5:      layout_rooms, slow_altar_1, nicolae_ru_awakened_eye,
          minmay_mini_ossuary, uniq_prince_ribbit1
D:6:      layout_gridville, minmay_temple_entry_glass, serial_shops, shop,
          kennysheep_another_room, lightli_corner_chamber, uniq_grinder

Skill      XL: |  1  2  3  4  5 |
---------------+----------------+-----
Invocations    | 1 2 |  2.1
Short Blades   | 1 |  1.9
Long Blades    | 1 |  1.9
Axes           | 1 |  1.9
Maces & Flails | 1 |  1.9
Polearms       | 1 |  1.9
Staves         | 1 |  1.9
Ranged Weapons | 1 |  1.9
Throwing       | 1 |  1.9
Shields        | 1 |  1.9
Unarmed Combat | 1 |  1.9
Evocations     | 1 |  1.9
Conjurations   | 1 |  1.5
Hexes          | 1 |  1.5
Summonings     | 1 |  1.5
Necromancy     | 1 |  1.5
Translocations | 1 |  1.5
Transmutations | 1 |  1.5
Fire Magic     | 1 |  1.5
Ice Magic      | 1 |  1.5
Air Magic      | 1 |  1.5
Earth Magic    | 1 |  1.5
Poison Magic   | 1 |  1.5
Fighting       | 3 |  3.2
Dodging        | 3 |  3.2
Armour         | |  6.8
Stealth        | |  4.6
Spellcasting   | |  7.4

Action                     |  1- 3 |  4- 6 || total
---------------------------+-------+-------++-------
  Melee: Club              |   188 |   147 ||   335
         Bite              |    12 |    27 ||    39
         Punch             |       |     3 ||     3
         Falchion          |       |    84 ||    84
   Cast: Apportation       |     1 |       ||     1
    Use: Potion            |       |     1 ||     1
   Stab: Sleeping          |       |     1 ||     1
 Armour: Scale mail        |   123 |   107 ||   230
         Plate armour      |       |    69 ||    69
  Dodge: Dodged            |   111 |   132 ||   243
